Cogmind - Beta 15 @@@ ROGUE MODE // 2025.06.28 @ 11:56:28 Player: LightKnight Result: Destroyed by Superfortress with Graviton Cannon Performance ------------- Evolutions (8) 4000 Regions Visited (24) 4800 Robots Destroyed (322) 1610 Value Destroyed (12366) 12366 Prototype IDs (154) 3080 Alien Tech Used (1) 200 Bonus (6188) 6188 TOTAL SCORE: 32244 Bonus ------- High Alert Combat Kills 1451 Follower Combat Kills 1899 Network Hubs Disabled 200 Registered with UFD 300 Met Optimus in HQ 500 Met Data Miner 300 Built Enhanced Grunts 300 Met R17 at Cetus 500 Met R17 at Research 2000 Met Optimus at Protoforge 1000 Friendly Fire -2262 Cogmind --------- Core Integrity 0/1450 Matter 300/300 Energy 38/100 System Corruption 16% Temperature Cool (2) Movement Flying (25) Location -2/Protoforge Parts ------- > --- POWER (2) -------- (None) > --- PROPULSION (6) --- Impulse Thruster Array Experimental Surge Thruster > --- UTILITY (11) ----- Experimental Optical Array > --- WEAPON (4) ------- (None) > --- INVENTORY (5) ---- Stasis Canceller Concept Core Shell Micro-nuke Launcher Peak State ------------ > --- POWER ------------ Light Antimatter Reactor > --- PROPULSION ------- Xenon Bombardment Thruster Experimental Surge Thruster Experimental Surge Thruster Experimental Surge Thruster Experimental Surge Thruster Experimental Surge Thruster > --- UTILITY ---------- Plexus Tether Machine Analyzer Experimental Optical Array Experimental Signal Interpreter Advanced Melee Analysis Suite Experimental Core Analyzer Experimental Armor Integrity Analyzer Concept Core Shell Improved System Shield Advanced System Shield > --- WEAPON ----------- Concept XC Strikerail Overtuned Linear Accelerator Plasma Lance > --- INVENTORY -------- Light Antimatter Reactor Stasis Canceller Concept Core Shell Concept Core Shell Micro-nuke Launcher [Rating: 171] Favorites ----------- Power Nuclear Core Engine Deuterium Engine Power Core Nuclear Core Reactor Light Antimatter Reactor Propulsion Light Treads Treads Light Treads Leg Aluminum Leg Hover Unit Backup Propulsion III Flight Unit Experimental Surge Thruster Utility Large Storage Unit Device Improved Heat Sink Storage Large Storage Unit Processor Advanced Terrain Scan Processor Hackware Advanced System Shield Protection Medium Armor Plating Weapon Plasma Cannon Energy Gun Gatling Laser Energy Cannon Plasma Cannon Ballistic Gun Heavy Assault Rifle Ballistic Cannon Overtuned Linear Accelerator Launcher Advanced EMP Blaster Special Weapon Plasma Cutter Impact Weapon Core Stripper Slashing Weapon Companion Sword Piercing Weapon Plasma Lance Build | -11 -10 -10 -9 -9 -8 -8 -8 -8 -6 -6 -6 -6 -5 -5 -5 -5 -5 -5 -4 -3 -3 -2 -2 -2 ------- Run | Yrd Mat Min Mat Min Mat Sto Rec Scr Fac Low Low Dat Pro Fac Ext Cet Arc Hub Fac Res Tes Res Qua Frg Slots Evolved 16 | . . . 2 . 2 . . . 4 . . . . 2 . . . . 2 2 . 2 . . Power 1 | . . . . . . . . . 1 . . . . . . . . . . . . . . . Propulsion 4 | . . . 1 . . . . . 1 . . . . . . . . . . 2 . . . . Utility 9 | . . . . . 2 . . . 1 . . . . 2 . . . . 2 . . 2 . . Weapon 2 | . . . 1 . . . . . 1 . . . . . . . . . . . . . . . Parts Attached 244 | . 16 7 16 . 26 13 1 10 12 3 2 . 3 4 9 12 . 4 14 27 13 9 6 37 Power 20 | . 2 1 1 . 1 1 . 1 2 . . . . . . 1 . . 2 3 . 1 . 4 Engine 8 | . 2 1 1 . 1 1 . . 2 . . . . . . . . . . . . . . . Core 2 | . . . . . . . . 1 . . . . . . . . . . 1 . . . . . Reactor 10 | . . . . . . . . . . . . . . . . 1 . . 1 3 . 1 . 4 Propulsion 71 | . 6 2 9 . 9 5 . 2 1 . . . 2 1 1 2 . 1 . 10 3 2 2 13 Treads 40 | . 2 2 9 . 9 5 . 2 1 . . . 2 1 1 2 . 1 . . . . . 3 Leg 6 | . 4 . . . . . . . . . . . . . . . . . . . . . . 2 Wheel . | . . . . . . . . . . . . . . . . . . . . . . . . . Hover . | . . . . . . . . . . . . . . . . . . . . . . . . . Flight 25 | . . . . . . . . . . . . . . . . . . . . 10 3 2 2 8 Utility 94 | . 4 1 1 . 9 3 . 6 6 1 . . . 2 5 4 . 3 6 13 6 4 3 17 Device 37 | . . . 1 . 5 2 . 4 4 1 . . . . . 2 . . 3 4 4 2 2 3 Storage 5 | . 2 . . . 1 . . 1 . . . . . . . . . . 1 . . . . . Processor 28 | . . . . . . . . . 2 . . . . 2 1 . . 1 2 7 1 1 1 10 Hackware 5 | . . . . . . . . 1 . . . . . . . . . 1 . 1 1 1 . . Protection 19 | . 2 1 . . 3 1 . . . . . . . . 4 2 . 1 . 1 . . . 4 Artifact . | . . . . . . . . . . . . . . . . . . . . . . . . . Weapon 59 | . 4 3 5 . 7 4 1 1 3 2 2 . 1 1 3 5 . . 6 1 4 2 1 3 Energy Gun 15 | . 1 1 1 . 4 2 . . 1 . . . . . 1 . . . 4 . . . . . Energy Cannon 15 | . . . . . 2 1 1 . 2 1 1 . . 1 2 2 . . 1 . . 1 . . Ballistic Gun 11 | . 3 2 4 . . . . . . . . . . . . 1 . . . . . . . 1 Ballistic Cannon 1 | . . . . . . . . . . . . . . . . . . . . . . . . 1 Launcher 6 | . . . . . 1 1 . . . 1 1 . 1 . . . . . . . . 1 . . Special Weapon 3 | . . . . . . . . . . . . . . . . 2 . . 1 . . . . . Impact Weapon 1 | . . . . . . . . . . . . . . . . . . . . . . . 1 . Slashing Weapon 2 | . . . . . . . . 1 . . . . . . . . . . . . . . . 1 Piercing Weapon 5 | . . . . . . . . . . . . . . . . . . . . 1 4 . . . Special Melee Weapon . | . . . . . . . . . . . . . . . . . . . . . . . . . Unidentified Prototypes 23 | . . . 1 . 2 1 . 2 2 . . . . . . 3 . . 1 1 5 . 2 3 Corrupted Parts 2 | . . . . . . . . . . . . . . . . . . 2 . . . . . . System Corruption 15 | . . . . . . . . . . . . . . . . . . 15 . . . . . . Parts Lost 77 | . 2 3 1 . 1 4 . . . . . . 2 . 5 . . 3 18 7 1 10 4 16 Power 11 | . 1 1 . . . . . . . . . . . . . . . . 2 2 . 2 . 3 Propulsion 21 | . . . . . . 1 . . . . . . 1 . 2 . . . 2 2 1 3 2 7 Utility 26 | . . 1 1 . 1 3 . . . . . . . . 1 . . . 8 1 . 4 1 5 Weapon 19 | . 1 1 . . . . . . . . . . 1 . 2 . . 3 6 2 . 1 1 1 Highest Loss Streak 15 | . 1 3 1 . 1 2 . . . . . . 1 . 2 . . 2 15 6 1 4 3 5 To Critical Strikes . | . . . . . . . . . . . . . . . . . . . . . . . . . Average Backups 13 | . 10 14 13 13 13 13 14 15 15 18 18 19 18 18 18 18 17 15 9 4 5 4 4 4 Power 1 | . 1 . . 1 1 1 1 1 . 1 1 2 2 2 1 1 1 1 1 . 1 . 1 . Propulsion 3 | . 4 5 5 5 6 5 6 4 3 3 3 3 2 3 1 . 2 2 1 . . . . . Utility 4 | . 1 2 2 3 2 3 4 5 5 6 7 7 7 6 6 7 7 6 2 1 2 1 1 2 Weapon 3 | . 3 4 3 4 3 3 3 3 4 6 5 5 4 5 6 7 6 5 2 1 1 2 2 1 Tool/Special . | . . . . . . . . . . . . . . . . . . . . . . . . . Unused Backups 39 | . 11 3 6 1 6 . . 2 1 . . . . 2 . 2 . . 4 . 1 . . . Power 4 | . 2 . . . 1 . . . . . . . . . . . . . 1 . . . . . Propulsion 9 | . 5 . . . . . . . . . . . . 1 . 1 . . 2 . . . . . Utility 6 | . 1 1 . . . . . 2 1 . . . . 1 . . . . . . . . . . Weapon 18 | . 3 2 6 . 5 . . . . . . . . . . 1 . . . . 1 . . . Tool/Special 2 | . . . . 1 . . . . . . . . . . . . . . 1 . . . . . Average Slot Usage (%) 92 | . 95 99 99 100 98 98 100 94 99 99 99 100 99 99 97 89 88 86 69 40 87 76 64 64 Engine 7 | . 14 13 11 11 9 9 9 5 5 6 6 6 6 5 5 5 5 5 1 1 . . . . Core 2 | . . . . . . . . 3 6 6 6 6 6 5 5 3 . . 2 . . . . . Treads 21 | . 9 28 32 33 26 26 27 27 26 25 26 26 25 23 22 13 11 11 7 . . . . 1 Flight 2 | . . . . . . . . . . . . . . . . . . . . 15 27 19 14 15 Device 11 | . . . 2 11 18 17 18 16 19 13 13 13 13 18 18 14 11 12 9 3 14 16 14 2 Storage 7 | . 14 14 11 11 9 9 9 9 6 6 6 6 6 5 5 5 5 5 3 . . . . . Processor 6 | . . . . . . . . . 5 13 13 13 13 15 7 11 11 11 13 9 21 13 14 23 Hackware 1 | . . . . . . . . 8 . . . . . . . . . . 4 1 5 8 8 6 Protection 4 | . 9 14 8 . 7 7 9 . . . . . . . 5 7 11 9 4 1 . . . 2 Energy Gun 8 | . 10 1 10 11 23 13 9 9 6 6 5 6 10 11 7 4 . . 6 1 . . . . Energy Cannon 8 | . . . . . 1 11 16 14 19 19 19 20 15 11 14 12 17 16 4 . . 1 . . Ballistic Gun 6 | . 17 26 21 22 1 . . . . . . . . . . 3 5 5 3 . . . . 2 Peak Build Rating 171 | . 10 14 23 23 36 37 36 51 65 64 66 65 69 82 85 131 131 134 142 105 137 144 133 171 Average Rating 53 | . 8 10 20 22 33 34 36 41 60 63 63 65 64 79 81 113 131 128 106 52 112 114 107 122 On Entrance 62 | 6 6 10 14 23 23 35 36 36 42 60 64 65 65 69 82 83 131 131 109 12 105 133 92 126 Naked Turns 1 | . . . . . . . . . . . . . . . . . . . . . . . . 1 Heaviest Build 130 | 12 33 38 44 38 52 54 52 70 86 84 88 84 88 84 128 124 124 130 117 35 35 37 19 53 Greatest Support 160 | 20 40 40 60 60 62 63 63 64 87 87 87 87 95 99 103 160 160 160 160 40 57 42 45 75 Greatest Overweight (x) 8 | . 1 . . . . 1 . 1 . 1 1 . 1 . 1 1 . . 2 . . 8 1 1 Average Overweight (x) . | . . . . . . . . . . . . . . . . . . . . . . . . . Largest Inventory Capacity 20 | . 15 15 15 15 15 15 15 20 20 20 20 20 20 20 20 20 20 20 20 5 5 5 5 5 Average Capacity 15 | . 11 15 15 15 15 15 15 17 20 20 20 20 20 20 20 20 20 20 16 5 5 5 5 5 Most Carried 20 | . 15 15 15 15 15 15 15 20 20 20 20 20 20 20 20 20 20 20 19 5 5 5 5 5 Average Carried 14 | . 10 14 14 14 14 14 15 16 16 19 19 20 19 19 19 19 20 18 11 4 4 4 4 4 Final Capacity 20 | 8 15 15 15 15 15 15 15 20 20 20 20 20 20 20 20 20 20 20 5 5 5 5 5 5 Final Carried 20 | 6 15 14 15 15 15 15 15 20 19 20 20 20 20 20 20 20 20 17 3 5 5 5 5 3 Class Distribution -------------------- 35% | Scavenger-Tank 20% | Skirmisher 14% | Mutant 8% | Gunner 5% | Scavenger-Sprinter 3% | Tank Dominant Class ---------------- Mutant | -10/Materials Mutant | -10/Mines Scavenger-Tank | -9/Materials Scavenger-Tank | -9/Mines Scavenger-Tank | -8/Materials Scavenger-Tank | -8/Storage Scavenger-Tank | -8/Recycling Gunner | -8/Scraptown Skirmisher | -6/Factory Skirmisher | -6/Lower Caves Skirmisher | -6/Lower Caves Skirmisher | -6/Data Miner Skirmisher | -5/Proximity Caves Skirmisher | -5/Factory Scavenger-Tank | -5/Extension Scavenger-Tank | -5/Cetus Scavenger-Tank | -5/Archives Scavenger-Tank | -5/Hub_04(d) Scavenger-Skirmisher | -4/Factory Scavenger-Sprinter | -3/Research Scavenger-Ninja | -3/Testing Hacker-Mutant | -2/Research Hacker-Scout | -2/Quarantine Scavenger-Sprinter | -2/Protoforge Resources | -11 -10 -10 -9 -9 -8 -8 -8 -8 -6 -6 -6 -6 -5 -5 -5 -5 -5 -5 -4 -3 -3 -2 -2 -2 ----------- Run | Yrd Mat Min Mat Min Mat Sto Rec Scr Fac Low Low Dat Pro Fac Ext Cet Arc Hub Fac Res Tes Res Qua Frg Matter Collected 5880 | 200 213 175 772 132 409 207 50 96 214 158 136 . 234 . 302 195 38 155 355 260 173 115 165 1126 Remotely . | . . . . . . . . . . . . . . . . . . . . . . . . . Salvage Created 14312 | . 640 226 1746 350 2764 1508 105 . 700 280 230 . 721 . 1132 333 168 632 957 105 173 174 189 1179 Parts 741 | . 46 18 115 26 128 74 7 . 28 11 12 . 28 . 37 25 7 31 51 8 4 14 18 53 Haulers Intercepted 13 | . 2 . 5 . 4 2 . . . . . . . . . . . . . . . . . . Recyclers Shooed 5 | . 1 . . . . 1 1 . . . . . . . . . . . . . 2 . . . Parts Field Recycled . | . . . . . . . . . . . . . . . . . . . . . . . . . Retrieved Matter . | . . . . . . . . . . . . . . . . . . . . . . . . . Parts Self-Destructed 26 | . . . . . . . . . . 7 4 . 15 . . . . . . . . . . . Prevented 17 | . . . . . . . . . . 2 7 . 8 . . . . . . . . . . . Kills | -11 -10 -10 -9 -9 -8 -8 -8 -8 -6 -6 -6 -6 -5 -5 -5 -5 -5 -5 -4 -3 -3 -2 -2 -2 ------- Run | Yrd Mat Min Mat Min Mat Sto Rec Scr Fac Low Low Dat Pro Fac Ext Cet Arc Hub Fac Res Tes Res Qua Frg Combat Hostiles Destroyed 259 | . 16 11 34 12 47 26 2 . 13 7 6 . 16 . 19 3 2 8 11 2 . 4 3 17 Melee 8 | . . . . . . . . . . . . . . . . . . 1 . 2 . 1 3 1 Guns 165 | . 16 11 34 12 41 16 1 . 4 . 1 . 3 . 1 . . . 9 . . . . 16 Cannons 43 | . . . . . 1 5 1 . 7 5 . . 5 . 10 1 1 5 2 . . . . . AOE 24 | . . . . . 3 2 . . 1 2 5 . 4 . 3 . . 1 . . . 3 . . Classes Destroyed 24 | . 5 2 3 1 4 . . . 1 . . . 2 . 1 . . 1 1 . . . . 3 Worker 10 | . . . 1 1 3 3 . . . . . . . . . . . 2 . . . . . . Builder 8 | . . . 1 . 2 1 1 . . . . . . . 2 . . 1 . . . . . . Tunneler 4 | . 1 . 1 . 1 . . . . . . . . . . . . 1 . . . . . . Hauler 13 | . 2 . 5 . 4 2 . . . . . . . . . . . . . . . . . . Recycler 4 | . . . . 1 1 1 . . . . . . . . . . . . . . 1 . . . Minesweeper 1 | . . . . . . . . . . . . . 1 . . . . . . . . . . . Mechanic 4 | . . . . . 2 1 . . . . . . . . . . . . . . . . . 1 Operator 4 | . . . . . 2 . . . . . . . . . . . . . . . 1 1 . . Drone 5 | . . . . . . . . . . . . . 2 . . . . . . . . . . 3 Watcher 14 | . 3 . 3 . 5 1 . . . . . . . . . 1 . . 1 . . . . . Swarmer 69 | . 8 6 7 10 6 3 . . 2 3 3 . 4 . 6 . . 3 1 1 . 3 . 3 Grunt 93 | . 8 . 15 2 26 9 . . 7 . 3 . 5 . 7 . . 2 6 . . . . 3 Brawler 7 | . . . 2 . 1 2 . . . . . . 1 . . . . . . . . . . 1 Duelist 3 | . . . . . 2 1 . . . . . . . . . . . . . . . . . . Sentry 46 | . . 2 10 . 9 10 2 . 2 . . . 1 . 5 . 2 1 1 . . 1 . . Specialist 1 | . . . . . . . . . . . . . . . . . . . . . . . . 1 Hunter 9 | . . . . . 3 1 . . . . . . 2 . . . . 1 2 . . . . . Programmer 7 | . . . . . . . . . 1 . . . 1 . . . . . . 1 . . 3 1 Heavy 2 | . . . . . . . . . . . . . . . . . . 1 1 . . . . . Behemoth 1 | . . . . . . . . . . . . . . . 1 . . . . . . . . . Cetus Guard 3 | . . . . . . . . . . . . . . . . 3 . . . . . . . . Enhanced Grunt 1 | . . . . . . . . . . . . . . . . . . 1 . . . . . . Hotshot 2 | . . . . . . . . . . . . . . . . . . . . . . . . 2 Striker 3 | . . . . . . . . . . . . . . . . . . . . . . . . 3 Scrapoid 1 | . . . . . . . . . . . . . . . . . . . 1 . . . . . Scraphulk 1 | . . . . . . . . . . . . . . . . . . . . . . . . 1 Decomposer 1 | . . . . . . . . . . . 1 . . . . . . . . . . . . . Assembled 3 | . . 3 . . . . . . . . . . . . . . . . . . . . . . Thug 2 | . . . . . . . . . 1 1 . . . . . . . . . . . . . . Butcher 3 | . . . . . . . . . . 3 . . . . . . . . . . . . . . Best Kill Streak 9 | . 6 3 4 6 6 9 1 . 5 3 3 . 4 . 4 3 1 4 3 1 1 3 3 3 Combat Bots Only 7 | . 6 3 3 4 4 7 1 . 5 3 3 . 4 . 4 2 1 3 3 1 . 3 3 3 Max Kills in Single Turn 3 | . 1 1 2 3 2 3 1 . 1 1 2 . 3 . 3 1 1 3 1 1 1 2 1 1 Gunslinging 1 | . . . 1 . 1 . . . . . . . . . . . . . . . . . . . Exploded 3 | . . . . . 2 2 . . 1 1 2 . 3 . 3 . . 1 . . . 2 . . Melee 1 | . . . . . . . . . . . . . . . . . . 1 . 1 . 1 1 1 Uniques/NPCs Destroyed 1 | . . . . . . . . . . . . . . . . 1 . . . . . . . . A7 (-5/Cetus) Combat | -11 -10 -10 -9 -9 -8 -8 -8 -8 -6 -6 -6 -6 -5 -5 -5 -5 -5 -5 -4 -3 -3 -2 -2 -2 -------- Run | Yrd Mat Min Mat Min Mat Sto Rec Scr Fac Low Low Dat Pro Fac Ext Cet Arc Hub Fac Res Tes Res Qua Frg Hostile Shots Fired 1440 | . 96 54 102 42 144 75 4 . 54 22 11 . 65 . 104 7 9 107 205 148 6 40 24 121 Missed 506 | . 26 13 26 6 46 19 . . 29 8 5 . 23 . 35 1 2 26 73 86 5 17 8 52 Hits 934 | . 70 41 76 36 98 56 4 . 25 14 6 . 42 . 69 6 7 81 132 62 1 23 16 69 Melee 18 | . . 4 1 . . 5 . . . 5 1 . . . . . . . 1 . . . . 1 Projectile 916 | . 70 37 75 36 98 51 4 . 25 9 5 . 42 . 69 6 7 81 131 62 1 23 16 68 Critical Strikes 43 | . . . 3 . 7 3 . . . 1 . . 2 . 1 1 . 8 8 2 . 1 . 6 Actively Blocked 1 | . . . . . . . . . . . . . . . . . . . . . . . . 1 Part Disruptions 1 | . . . . . . . . . . . . . . . . . . . . . . . 1 . Damage Taken 18727 | . 633 606 900 235 1317 885 58 . 314 287 78 . 686 . 1077 197 188 2129 3807 1377 25 877 361 2690 Core 4006 | . 77 130 89 39 171 96 12 . 58 35 . . 99 . 127 . . 39 1038 506 . 246 64 1180 Absorbed by Shields 430 | . . . 37 95 100 . . . . . . . . . 162 25 . . . . . . . 11 Reduced by Siege Mode 77 | . . . . . . . . . . . . . . . . . . . 77 . . . . . Redirected to Shielding 126 | . . . . . . . . . . . . . . . . . . . . . . . . 126 Ignored by Resistances 322 | . . . . . . . . . . . . . . . 266 . . . . . . . . 56 Regen/Repaired (Parts) 146 | . . . 79 . 57 . . . . . . . . . . . . . . . . . . 10 Core Remaining (%) 58 | 100 . 17 . 68 . . . 49 . . . . 77 . . . . 83 9 . 61 . . . Volleys Fired 747 | . 69 34 105 22 123 54 3 . 21 11 10 . 33 . 47 18 10 14 37 4 . 26 . 106 Largest 4 | . 2 2 3 3 3 3 3 . 4 4 4 . 4 . 4 4 4 4 4 2 . 1 . 3 Hottest 336 | . 90 85 111 107 221 235 195 . 315 315 315 . 315 . 336 336 287 296 294 80 . 120 . 139 Shots Fired 1901 | . 138 68 306 66 360 145 9 . 80 35 17 . 108 . 161 66 29 57 109 9 . 26 . 112 Gun 1339 | . 138 68 306 66 337 76 3 . 20 9 3 . 31 . 51 28 7 14 65 9 . . . 108 Cannon 527 | . . . . . 19 67 6 . 60 24 7 . 70 . 105 35 22 43 42 . . 23 . 4 Launcher 32 | . . . . . 4 2 . . . 2 7 . 7 . 5 . . . 2 . . 3 . . Special 3 | . . . . . . . . . . . . . . . . 3 . . . . . . . . Kinetic 580 | . 63 61 210 44 34 . . . . . . . . . . 12 7 14 29 . . . . 106 Thermal 1051 | . 59 7 96 22 322 143 9 . 62 24 7 . 70 . 92 24 4 14 64 9 . 23 . . Explosive 14 | . . . . . . . . . . 2 3 . 3 . 1 . . . 2 . . 3 . . Electromagnetic 253 | . 16 . . . 4 2 . . 18 9 7 . 35 . 68 27 18 29 14 . . . . 6 Robot Hit Streak 53 | . 9 9 10 14 23 8 9 . 9 8 3 . 9 . 22 19 10 8 13 2 . 1 . 53 Robot Miss Streak 11 | . 6 4 5 4 8 7 2 . 6 3 3 . 6 . 11 3 1 6 4 3 . 2 . 4 Penetration Max 1 | . . . . . . . . . . . . . . . . 1 . 1 1 . . . . 1 Secondary Targets 21 | . 6 3 5 2 5 . . . . . . . . . . . . . . . . . . . Max Gunslinging Chain 1 | . 1 1 1 1 1 . . . . . . . . . . . . . . . . . . . Shots Hit Robots 1156 | . 71 39 168 38 227 84 8 . 47 26 7 . 62 . 101 51 20 28 59 6 7 5 7 95 Core Hits 574 | . 38 18 65 17 107 58 4 . 30 13 14 . 31 . 44 19 8 24 31 3 2 10 4 34 Critical Kills 12 | . 1 . . . . 2 . . . . . . 1 . . 1 . . 3 . . . . 4 Critical Parts Destroyed 12 | . . . . . . . . . . . . . . . . . 1 . 1 . . . . 10 Critical Strikes 59 | . 3 . 4 2 16 6 . . . . . . 2 . 2 3 1 . 4 1 . 1 . 14 Burn 31 | . 2 . 4 2 16 4 . . . . . . . . 1 2 . . . . . . . . Meltdown 3 | . . . . . . 2 . . . . . . 1 . . . . . . . . . . . Destroy 21 | . 1 . . . . . . . . . . . . . . 1 1 . 4 . . . . 14 Corrupt 2 | . . . . . . . . . . . . . 1 . 1 . . . . . . . . . Impale 2 | . . . . . . . . . . . . . . . . . . . . 1 . 1 . . Melee Attacks 59 | . . . . . . . . . 1 . 2 . . . . . . . . 2 15 21 13 5 Impact . | . . . . . . . . . . . . . . . . . . . . . . . . . Slashing 3 | . . . . . . . . . 1 . 2 . . . . . . . . . . . . . Piercing 56 | . . . . . . . . . . . . . . . . . . . . 2 15 21 13 5 Sneak Attacks 5 | . . . . . . . . . . . . . . . . . . . . . 2 1 . 2 Combat Hostiles . | . . . . . . . . . . . . . . . . . . . . . . . . . Follow-up Attacks 1 | . . . . . . . . . . . . . . . . . . . . . . . 1 . Damage Inflicted 33177 | . 887 443 2799 719 5227 2536 217 . 1610 880 698 . 2112 . 3749 1363 598 1676 2328 152 424 882 297 3580 Guns 17826 | . 839 441 2771 693 4362 1414 73 . 371 145 56 . 650 . 778 503 135 240 1137 51 . . . 3167 Cannons 8662 | . . . . . 231 874 127 . 950 445 52 . 948 . 2268 601 463 839 730 . . . . 134 Explosions 4973 | . . . . . 559 207 . . 289 290 582 . 514 . 626 259 . 512 456 . . 679 . . Melee 1304 | . . . . . . . . . . . . . . . . . . . . 101 424 203 297 279 Ramming 412 | . 48 2 28 26 75 41 17 . . . 8 . . . 77 . . 85 5 . . . . . Kinetic 7507 | . 342 342 1697 477 213 . . . . . . . . . . 248 135 240 543 . . . . 3270 Thermal 16049 | . 378 99 1074 216 4550 2337 200 . 1296 343 81 . 1142 . 1885 745 137 400 1115 51 . . . . Explosive 2399 | . . . . . . . . . . 290 354 . 323 . 297 . . . 456 . . 679 . . Electromagnetic 5506 | . 119 . . . 389 158 . . 314 247 255 . 647 . 1490 370 326 951 209 . . . . 31 Impact . | . . . . . . . . . . . . . . . . . . . . . . . . . Slashing . | . . . . . . . . . . . . . . . . . . . . . . . . . Piercing 1304 | . . . . . . . . . . . . . . . . . . . . 101 424 203 297 279 Highest Corruption 27 | . . . . . 3 4 4 . . . . . . 4 4 . . 27 1 8 8 13 10 16 Average Corruption 7 | . . . . . 2 3 4 . . . . . . 4 4 . . 5 1 7 8 10 9 15 Corruption Purged 5 | . . . . . . . . . . . . . . . . . . . . . . 5 . . Corruption Blocked 6 | . . . . . . . . . . . . . . . . . . . . 6 . . . . Effects 195 | . . . . . 6 22 17 . . . . . . 3 24 . . 11 . 17 6 14 5 70 Message Errors 42 | . . . . . 3 6 5 . . . . . . . 9 . . 2 . 2 1 2 2 10 Matter Fused 40 | . . . . . . 3 3 . . . . . . 2 5 . . 2 . 3 3 5 1 13 Heat Flow Errors 27 | . . . . . . 3 4 . . . . . . 1 1 . . 1 . 4 . 1 . 12 Energy Discharges 22 | . . . . . 2 2 2 . . . . . . . 3 . . 1 . 4 1 . . 7 Parts Rejected 4 | . . . . . . . . . . . . . . . . . . . . 1 . . . 3 Parts Fused 4 | . . . . . . 2 . . . . . . . . . . . . . . . . . 2 Data Loss (minor) 15 | . . . . . . 3 . . . . . . . . 1 . . . . . 1 3 1 6 Data Loss (major) 12 | . . . . . . 2 . . . . . . . . 2 . . . . 2 . 1 1 4 Misfires 6 | . . . . . 1 1 1 . . . . . . . . . . 2 . 1 . . . . Alerts 5 | . . . . . . . 1 . . . . . . . 2 . . 2 . . . . . . Misdirections 9 | . . . . . . . . . . . . . . . . . . 1 . . . 2 . 6 Weapon Failures 9 | . . . . . . . 1 . . . . . . . 1 . . . . . . . . 7 Overload Shots . | . . . . . . . . . . . . . . . . . . . . . . . . . Overflow Damage 643 | . . . . . 24 . . . 6 11 10 . 50 . 33 40 . 34 7 . 162 188 . 78 Projectiles 70 | . . . . . . . . . 6 . . . 42 . 22 . . . . . . . . . Explosions 211 | . . . . . 24 . . . . 11 10 . 8 . 6 40 . 34 7 . . 71 . . Melee 362 | . . . . . . . . . . . . . . . 5 . . . . . 162 117 . 78 Knockbacks 3 | . . . 2 1 . . . . . . . . . . . . . . . . . . . . Impact 3 | . . . 2 1 . . . . . . . . . . . . . . . . . . . . Kinetic . | . . . . . . . . . . . . . . . . . . . . . . . . . Secondary . | . . . . . . . . . . . . . . . . . . . . . . . . . Self-Inflicted Damage 111 | . . . . . . . . . . . . . . . . . . 104 2 . . 5 . . Shots 2 | . . . . . . . . . . . . . . . . . . 1 . . . 1 . . Rammed 39 | . 8 1 5 3 6 6 1 . . . . . . . 4 . . 4 1 . . . . . Targets Rammed 49 | . 8 1 5 3 12 7 2 . . . 1 . . . 5 . . 4 1 . . . . . Kicked . | . . . . . . . . . . . . . . . . . . . . . . . . . Crushed 10 | . . . . . 6 1 1 . . . 1 . . . 1 . . . . . . . . . Highest Temperature 404 | . 215 227 221 212 398 346 198 . 249 314 324 . 404 8 171 54 93 209 343 286 . 258 . 204 Average Temperature 80 | . 71 49 66 85 78 106 61 . 83 158 150 . 106 8 57 24 45 52 121 75 . 16 . 86 Received Heat Transfer 3062 | . 168 148 342 40 639 279 18 . 114 12 . . 90 . 160 27 27 312 306 212 . 72 9 87 Effects 4 | . . . . . 2 1 . . . 1 . . . . . . . . . . . . . . Interference 3 | . . . . . 2 . . . . 1 . . . . . . . . . . . . . . Short Circuit 1 | . . . . . . 1 . . . . . . . . . . . . . . . . . . Siege Activations 2 | . . . . . . . . . . . . . . . . . . . 2 . . . . . Total Turns 48 | . . . . . . . . . . . . . . . . . . . 48 . . . . . Longest Duration 28 | . . . . . . . . . . . . . . . . . . . 28 . . . . . Martial Activations . | . . . . . . . . . . . . . . . . . . . . . . . . . Shielding Activations . | . . . . . . . . . . . . . . . . . . . . . . . . . Robots Disrupted 2 | . . . . . . . . . . . . . 1 . . 1 . . . . . . . . Combat Hostiles 2 | . . . . . . . . . . . . . 1 . . 1 . . . . . . . . Robots Corrupted 12 | . . . . . 1 . . . . . . . 1 . 5 2 1 2 . . . . . . Combat Hostiles 10 | . . . . . 1 . . . . . . . 1 . 4 2 1 1 . . . . . . Parts Fried 23 | . . . . . 1 . . . . . . . 5 . 9 1 . 6 1 . . . . . Impact Corruptions 2 | . . . . . . . . . . . 1 . . . 1 . . . . . . . . . Robots Melted 11 | . . . . . 2 4 . . 1 . . . 3 . 1 . . . . . . . . . Combat Hostiles 9 | . . . . . 1 3 . . 1 . . . 3 . 1 . . . . . . . . . Parts Melted 67 | . . . 3 1 17 23 . . 7 3 . . 6 . 2 . . . 3 . . . . 2 Heat Transferred 30742 | . 1258 222 2405 518 9633 4798 350 . 2275 725 175 . 2325 . 2833 944 148 433 1552 148 . . . . Parts Sabotaged 1 | . . . . . . . . . . . . . . . . . . . 1 . . . . . Parts Stolen 1 | . . . . . . . . . . . 1 . . . . . . . . . . . . . Parts Stripped . | . . . . . . . . . . . . . . . . . . . . . . . . . Power Chain Reactions 9 | . . . . . 1 2 . . 2 . . . . . 2 1 . 1 . . . . . . Alert | -11 -10 -10 -9 -9 -8 -8 -8 -8 -6 -6 -6 -6 -5 -5 -5 -5 -5 -5 -4 -3 -3 -2 -2 -2 ------- Run | Yrd Mat Min Mat Min Mat Sto Rec Scr Fac Low Low Dat Pro Fac Ext Cet Arc Hub Fac Res Tes Res Qua Frg Maximum Alert Level 4 | . . . 2 1 3 3 2 . . . . . . . 1 1 1 4 4 3 2 2 1 2 Low Security (%) 39 | . 100 100 33 55 16 . . . 100 . . . . 100 66 98 52 19 . . . . . 3 Level 1 27 | . . . 33 44 16 17 92 . . . . . . . 33 1 47 12 . . . 57 100 88 Level 2 23 | . . . 33 . 60 54 7 . . . . . . . . . . 12 27 35 100 42 . 8 Level 3 7 | . . . . . 6 28 . . . . . . . . . . . 5 40 64 . . . . Level 4 2 | . . . . . . . . . . . . . . . . . . 49 31 . . . . . Level 5 . | . . . . . . . . . . . . . . . . . . . . . . . . . High Security . | . . . . . . . . . . . . . . . . . . . . . . . . . Max Security . | . . . . . . . . . . . . . . . . . . . . . . . . . Peak Influence 1241 | . 190 80 536 261 819 1002 413 . 157 . . . . 150 340 207 235 1214 1241 972 531 575 355 453 Initial 647 | . . 28 6 195 43 343 373 . . . . . . 150 . 39 47 74 549 647 474 298 305 186 Average 327 | . 130 17 288 191 425 639 312 . 43 . . . . 76 133 115 171 754 909 748 468 389 322 321 Influence Increases 12859 | . 515 180 1085 316 1436 1117 174 . 367 70 170 . 350 150 988 294 208 1258 1390 892 177 667 148 907 Destroy 0b10 Robot/C 5860 | . 320 160 680 240 940 600 40 . 260 60 120 . 280 . 580 160 80 380 440 40 . 140 60 280 Destroy 0b10 Robot/NC 365 | . 30 . 55 10 100 45 5 . . . . . 15 . 15 10 . 30 15 . 10 5 . 20 Destroy Leader 1170 | . 90 20 206 40 238 166 . . 50 10 20 . 40 . 72 . . 62 106 . . 20 . 30 Allied During Kill 916 | . . . . . 2 18 . . . . . . . . 190 70 80 402 138 . . 16 . . Successful Hack 465 | . 15 . 48 11 12 11 37 . 14 . . . . . 20 . . . . 52 75 48 10 112 Select Force Hacks 210 | . 60 . 30 . 30 . 90 . . . . . . . . . . . . . . . . . Disable Machine 735 | . . . 45 . 75 75 . . 30 . . . . . 30 . 30 150 150 . 30 60 30 30 Anti-Garrison Action 550 | . . . . . . 150 . . . . . . . . . . . . 200 200 . . . . Destroy Structure 878 | . . . 6 . 24 37 2 . 13 . . . . . 66 54 18 234 236 . 2 183 3 . Advance Influence 150 | . . . . . . . . . . . . . . 150 . . . . . . . . . . Partial Spotted 150 | . . . . . . . . . . . . . . . . . . . . 60 30 30 . 30 Lose Combat Pursuer 1410 | . . . 15 15 15 15 . . . . 30 . 15 . 15 . . . 105 540 30 165 45 405 Influence Decreases 12430 | . 442 235 600 706 736 972 927 205 242 195 170 . 350 150 917 246 112 351 1279 1282 489 655 358 811 Entered New Map 4133 | . . 45 12 308 70 470 585 205 . 47 . . . . . 32 72 141 573 586 369 233 238 147 Time Decay 6326 | . 422 160 578 398 636 422 342 . 242 148 170 . 330 150 416 214 40 100 326 326 110 222 80 494 Lost Part 770 | . 20 30 10 . 10 40 . . . . . . 20 . 50 . . 30 180 70 10 100 40 160 Lost Ally 610 | . . . . . 20 40 . . . . . . . . 160 . . 80 200 . . 100 . 10 Purge Threat 591 | . . . . . . . . . . . . . . . 291 . . . . 300 . . . . Squads Dispatched 76 | . 5 . 3 1 12 7 . . 5 . . . . 1 2 . . 5 11 11 1 5 2 5 Investigation 30 | . 2 . 2 . 2 1 . . 4 . . . . 1 1 . . . 5 7 . 2 . 3 Extermination 8 | . . . . . . . . . 1 . . . . . . . . . 1 1 1 3 1 . Reinforcement 23 | . 3 . 1 . 4 . . . . . . . . . 1 . . 5 3 3 . . 1 2 Assault 12 | . . . . 1 3 6 . . . . . . . . . . . . 2 . . . . . Garrison 3 | . . . . . 3 . . . . . . . . . . . . . . . . . . . Intercept . | . . . . . . . . . . . . . . . . . . . . . . . . . Searches Triggered . | . . . . . . . . . . . . . . . . . . . . . . . . . Data Miner Redirects 7 | . . . . . . . . . . . . . . 1 . . . . 4 . . 2 . . Construction Impeded 1 | . . . . . . . . . . . . . . . 1 . . . . . . . . . Haulers Reinforced 4 | . . . . . . . . . . . . . . . . . . 2 . 2 . . . . Active Scanning Responses . | . . . . . . . . . . . . . . . . . . . . . . . . . Cargo Convoy Interrupts . | . . . . . . . . . . . . . . . . . . . . . . . . . Stealth | -11 -10 -10 -9 -9 -8 -8 -8 -8 -6 -6 -6 -6 -5 -5 -5 -5 -5 -5 -4 -3 -3 -2 -2 -2 --------- Run | Yrd Mat Min Mat Min Mat Sto Rec Scr Fac Low Low Dat Pro Fac Ext Cet Arc Hub Fac Res Tes Res Qua Frg Distress Signals 33 | . 2 . 5 . 3 . . . . . . . . . 2 1 . . 3 11 1 . 1 4 Communications Jammed . | . . . . . . . . . . . . . . . . . . . . . . . . . Distress Signals . | . . . . . . . . . . . . . . . . . . . . . . . . . Times Spotted 587 | . 26 11 46 13 70 40 2 . 20 7 8 . 16 . 35 9 4 21 46 66 10 16 7 114 Peak Tracking Total 19 | . 4 3 4 4 5 8 1 . 5 4 3 . 4 . 7 5 2 9 10 18 6 9 7 19 Tactical Retreats 45 | . . . 1 1 1 1 . . . . 1 . 1 . 1 . . . 4 14 1 4 1 14 Traps | -11 -10 -10 -9 -9 -8 -8 -8 -8 -6 -6 -6 -6 -5 -5 -5 -5 -5 -5 -4 -3 -3 -2 -2 -2 ------- Run | Yrd Mat Min Mat Min Mat Sto Rec Scr Fac Low Low Dat Pro Fac Ext Cet Arc Hub Fac Res Tes Res Qua Frg Traps Triggered 21 | . . . 2 . 2 1 . . 1 . . . . 1 1 . . . 1 6 1 1 1 3 Indirectly . | . . . . . . . . . . . . . . . . . . . . . . . . . Trap Hack Attempts . | . . . . . . . . . . . . . . . . . . . . . . . . . Triggered . | . . . . . . . . . . . . . . . . . . . . . . . . . Disarmed . | . . . . . . . . . . . . . . . . . . . . . . . . . Reprogrammed . | . . . . . . . . . . . . . . . . . . . . . . . . . Reused . | . . . . . . . . . . . . . . . . . . . . . . . . . Traps Extracted . | . . . . . . . . . . . . . . . . . . . . . . . . . Installed 16 | . . . . . . . . . . . . . 16 . . . . . . . . . . . Triggered . | . . . . . . . . . . . . . . . . . . . . . . . . . Most Traps Carried 1 | . . . . . . . . 1 . . . . . . . . . . . . . . . . Machines | -11 -10 -10 -9 -9 -8 -8 -8 -8 -6 -6 -6 -6 -5 -5 -5 -5 -5 -5 -4 -3 -3 -2 -2 -2 ---------- Run | Yrd Mat Min Mat Min Mat Sto Rec Scr Fac Low Low Dat Pro Fac Ext Cet Arc Hub Fac Res Tes Res Qua Frg Machines Disabled 50 | . . . 3 . 5 6 . . 2 . . . . . 2 . 2 10 10 . 2 4 2 2 Max in Single Turn 5 | . . . 1 . 1 1 . . 1 . . . . . 1 . 1 5 1 . 1 1 1 1 Garrison Access 4 | . . . . . 1 1 . . . . . . . . . . . . 1 1 . . . . Network Hub 1 | . . . . . . . . . . . . . . . . . . 1 . . . . . . Energy Cycler 1 | . . . . . . . . . . . . . . . 1 . . . . . . . . . Machines Repaired . | . . . . . . . . . . . . . . . . . . . . . . . . . Machines Dismantled . | . . . . . . . . . . . . . . . . . . . . . . . . . Machines Sabotaged . | . . . . . . . . . . . . . . . . . . . . . . . . . Overloaded Fab Kills . | . . . . . . . . . . . . . . . . . . . . . . . . . Hacking | -11 -10 -10 -9 -9 -8 -8 -8 -8 -6 -6 -6 -6 -5 -5 -5 -5 -5 -5 -4 -3 -3 -2 -2 -2 --------- Run | Yrd Mat Min Mat Min Mat Sto Rec Scr Fac Low Low Dat Pro Fac Ext Cet Arc Hub Fac Res Tes Res Qua Frg Machines Accessed 115 | . 7 1 15 2 9 6 9 3 6 . . 3 . 1 6 . . . 6 15 6 8 3 9 Terminals 65 | . 5 . 11 2 6 5 6 . 1 . . . . . 5 . . . . 6 6 6 3 3 Fabricators 3 | . . . . . . . . . . . . . . . . . . . . . . . . 3 Repair Stations 4 | . . . 2 . 1 . . . . . . . . . . . . . . 1 . . . . Recycling Units 28 | . 2 . 2 . 1 . 3 . 5 . . . . 1 1 . . . 4 5 . 1 . 3 Scanalyzers . | . . . . . . . . . . . . . . . . . . . . . . . . . Garrison Access 8 | . . . . . 1 1 . . . . . . . . . . . . 2 3 . 1 . . Total Hacks 361 | . 18 1 41 7 27 12 22 9 9 . . 21 . 1 17 . . . 11 47 21 36 17 44 Successful 152 | . 12 1 22 2 14 4 9 9 5 . . 21 . 1 10 . . . 4 15 5 4 5 9 Failed 208 | . 6 . 19 5 13 8 13 . 4 . . . . . 6 . . . 7 32 16 32 12 35 Catastrophic 60 | . 1 . 1 1 2 3 1 . 2 . . . . . 1 . . . 4 11 8 9 7 9 Database Lockouts 1 | . . . . . . . . . . . . . . . 1 . . . . . . . . . Manual 208 | . 16 . 20 7 13 3 20 . 8 . . . . 1 12 1 . . 7 35 16 16 7 26 Terminals 230 | . 16 . 32 7 22 9 18 . 2 . . . . . 16 . . . . 26 21 24 17 20 Fabricators 6 | . . . . . . . . . . . . . . . . . . . . . . . . 6 Repair Stations 10 | . . . 5 . 2 . . . . . . . . . . . . . . 3 . . . . Recycling Units 58 | . 2 . 4 . 1 . 4 . 7 . . . . 1 1 . . . 6 12 . 2 . 18 Scanalyzers . | . . . . . . . . . . . . . . . . . . . . . . . . . Garrison Access 26 | . . . . . 2 3 . . . . . . . . . . . . 5 6 . 10 . . Terminal Hacks 94 | . 7 1 13 2 7 4 5 9 1 . . 21 . . 8 . . . . 5 2 1 4 4 Record 6 | . . . . . . . . 1 . . . 4 . . . . . . . . . . . 1 Part Schematic 12 | . . . . . . . 2 . . . . 10 . . . . . . . . . . . . Robot Schematic 4 | . . . . . . . . . . . . 4 . . . . . . . . . . . . Robot Analysis 10 | . 2 . 1 . 1 . . 6 . . . . . . . . . . . . . . . . Prototype ID Bank 28 | . 3 . 8 1 3 . 3 . . . . 3 . . 3 . . . . 1 1 . 2 . Open Door 6 | . . 1 . . . 4 . 1 . . . . . . . . . . . . . . . . Level Access Points 1 | . . . . . . . . . . . . . . . . . . . . . 1 . . . Branch Access Points 2 | . . . . . . . . . . . . . . . . . . . . 1 . 1 . . Terminal Index 3 | . . . . . 1 . . . . . . . . . 1 . . . . . . . . 1 Alert Level 2 | . . . . . . . . . . . . . . . 1 . . . . 1 . . . . Unreport Threat 4 | . . . . . . . . . . . . . . . 2 . . . . 2 . . . . Locate Traps 9 | . 2 . 3 . 2 . . . 1 . . . . . . . . . . . . . . 1 Patrol Status 1 | . . . . . . . . . . . . . . . . . . . . . . . 1 . Hauler Manifests 1 | . . . 1 . . . . . . . . . . . . . . . . . . . . . Zone Layout 4 | . . . . 1 . . . . . . . . . . 1 . . . . . . . 1 1 Proto ID Catalog 1 | . . . . . . . . 1 . . . . . . . . . . . . . . . . Fabricator Hacks 1 | . . . . . . . . . . . . . . . . . . . . . . . . 1 Build 1 | . . . . . . . . . . . . . . . . . . . . . . . . 1 Repair Station Hacks 7 | . . . 4 . 2 . . . . . . . . . . . . . . 1 . . . . Scan Component 3 | . . . 2 . 1 . . . . . . . . . . . . . . . . . . . Repair 3 | . . . 2 . 1 . . . . . . . . . . . . . . . . . . . Refit 1 | . . . . . . . . . . . . . . . . . . . . 1 . . . . Recycling Unit Hacks . | . . . . . . . . . . . . . . . . . . . . . . . . . Scanalyzer . | . . . . . . . . . . . . . . . . . . . . . . . . . Garrison Access Hacks 1 | . . . . . 1 . . . . . . . . . . . . . . . . . . . Seal Access 1 | . . . . . 1 . . . . . . . . . . . . . . . . . . . Unauthorized Hacks 49 | . 5 . 5 . 4 . 4 . 4 . . . . 1 2 . . . 4 9 3 3 1 4 Terminals 24 | . 3 . 4 . 3 . 1 . . . . . . . 1 . . . . 4 3 2 1 2 Botnet 23 | . 2 . 4 . 3 . 1 . . . . . . . 1 . . . . 4 3 2 1 2 Disrupt 1 | . 1 . . . . . . . . . . . . . . . . . . . . . . . Fabricators . | . . . . . . . . . . . . . . . . . . . . . . . . . Repair Stations . | . . . . . . . . . . . . . . . . . . . . . . . . . Recycling Units 23 | . 2 . 1 . 1 . 3 . 4 . . . . 1 1 . . . 3 4 . 1 . 2 Tunnel 7 | . 2 . 1 . 1 . 3 . . . . . . . . . . . . . . . . . Fedlink 12 | . . . . . . . . . 4 . . . . 1 1 . . . 1 4 . . . 1 Scrapoids 4 | . . . . . . . . . . . . . . . . . . . 2 . . 1 . 1 Scanalyzers . | . . . . . . . . . . . . . . . . . . . . . . . . . Garrison Access 2 | . . . . . . . . . . . . . . . . . . . 1 1 . . . . Jam 2 | . . . . . . . . . . . . . . . . . . . 1 1 . . . . Data Cores Recovered 3 | . . . . . 1 . . . . . . . . . . . . . . . 1 1 . . Used 1 | . . . . . . . . . . . . . . . . . . . . . 1 . . . Hacking Detections 79 | . 5 . 14 2 6 5 7 . 3 . . . . . 4 . . . 2 11 5 7 2 6 Full Trace Events 8 | . . . 1 . 1 1 1 . . . . . . . . . . . . 2 . 1 . 1 Feedback Events 2 | . . . . . . 1 . . . . . . . . . . . . . . . 1 . . Corruption 2 | . . . . . . 1 . . . . . . . . . . . . . . . 1 . . Feedback Blocked . | . . . . . . . . . . . . . . . . . . . . . . . . . Robot Schematics Acquired 4 | . . . . . . . . . . . . 4 . . . . . . . . . . . . Robots Built 1 | . . . . . . . . . . . . . . . . . . . . . . . . 1 Authchips . | . . . . . . . . . . . . . . . . . . . . . . . . . Time 50 | . . . . . . . . . . . . . . . . . . . . . . . . 50 Total Robot Build Rating 5 | . . . . . . . . . . . . . . . . . . . . . . . . 5 Part Schematics Acquired 12 | . . . . . . . 2 . . . . 10 . . . . . . . . . . . . Parts Built . | . . . . . . . . . . . . . . . . . . . . . . . . . Authchips . | . . . . . . . . . . . . . . . . . . . . . . . . . Time . | . . . . . . . . . . . . . . . . . . . . . . . . . Total Part Build Rating . | . . . . . . . . . . . . . . . . . . . . . . . . . Parts Repaired 3 | . . . 2 . 1 . . . . . . . . . . . . . . . . . . . Time 71 | . . . 45 . 26 . . . . . . . . . . . . . . . . . . . Parts Recycled . | . . . . . . . . . . . . . . . . . . . . . . . . . Recycled Matter . | . . . . . . . . . . . . . . . . . . . . . . . . . Retrieved Matter . | . . . . . . . . . . . . . . . . . . . . . . . . . Retrieved Components . | . . . . . . . . . . . . . . . . . . . . . . . . . Parts Scanalyzed . | . . . . . . . . . . . . . . . . . . . . . . . . . Part Schematics Acquired . | . . . . . . . . . . . . . . . . . . . . . . . . . Parts Damaged . | . . . . . . . . . . . . . . . . . . . . . . . . . Bothacking | -11 -10 -10 -9 -9 -8 -8 -8 -8 -6 -6 -6 -6 -5 -5 -5 -5 -5 -5 -4 -3 -3 -2 -2 -2 ------------ Run | Yrd Mat Min Mat Min Mat Sto Rec Scr Fac Low Low Dat Pro Fac Ext Cet Arc Hub Fac Res Tes Res Qua Frg Used RIF Installer . | . . . . . . . . . . . . . . . . . . . . . . . . . Robots Hacked 1 | . . . . . . . . . . . . . . . . 1 . . . . . . . . Non-combat . | . . . . . . . . . . . . . . . . . . . . . . . . . Combat 1 | . . . . . . . . . . . . . . . . 1 . . . . . . . . Robot Hacks Applied 1 | . . . . . . . . . . . . . . . . 1 . . . . . . . . parse_system 1 | . . . . . . . . . . . . . . . . 1 . . . . . . . . Relay Couplers Released . | . . . . . . . . . . . . . . . . . . . . . . . . . Fabnet Peak Effective % . | . . . . . . . . . . . . . . . . . . . . . . . . . Robots Rewired 4 | . . . . . . . . . . . . . . . 4 . . . . . . . . . Allies Hacked . | . . . . . . . . . . . . . . . . . . . . . . . . . Hacks Repelled . | . . . . . . . . . . . . . . . . . . . . . . . . . Allies | -11 -10 -10 -9 -9 -8 -8 -8 -8 -6 -6 -6 -6 -5 -5 -5 -5 -5 -5 -4 -3 -3 -2 -2 -2 -------- Run | Yrd Mat Min Mat Min Mat Sto Rec Scr Fac Low Low Dat Pro Fac Ext Cet Arc Hub Fac Res Tes Res Qua Frg Total Allies 34 | . . . . 1 . 2 . . . . . . . . 10 5 . . 10 . . 5 . 1 Largest Group 9 | . . . . 1 1 2 . . . . . . . . 9 6 5 5 5 . . 5 . 1 Highest-Rated Group 633 | . . . . 31 31 62 . . . . . . . . 240 633 480 480 235 . . 320 . 23 Highest-Rated Ally 153 | . . . . 31 31 31 . . . . . . . . 153 153 96 96 47 . . 64 . 23 Total Orders 1 | . . . . . . . . . . . . . . . . 1 . . . . . . . . STAY 1 | . . . . . . . . . . . . . . . . 1 . . . . . . . . Ally Attacks 340 | . . . . . 16 19 . . . . . . . . 71 17 14 53 123 . . 27 . . Total Damage 8985 | . . . . . 127 375 . . . . . . . . 1674 929 579 1916 2622 . . 763 . . Kills 54 | . . . . . . 4 . . . . . . . . 11 6 2 13 15 . . 3 . . Allies Corrupted 4 | . . . . . . . . . . . . . . . . . . 4 . . . . . . Allies Melted . | . . . . . . . . . . . . . . . . . . . . . . . . . Intel | -11 -10 -10 -9 -9 -8 -8 -8 -8 -6 -6 -6 -6 -5 -5 -5 -5 -5 -5 -4 -3 -3 -2 -2 -2 ------- Run | Yrd Mat Min Mat Min Mat Sto Rec Scr Fac Low Low Dat Pro Fac Ext Cet Arc Hub Fac Res Tes Res Qua Frg Active Infowar (turns) 9704 | . . . . . . . . . 542 1111 799 506 1145 310 1152 440 98 219 733 484 232 477 170 1286 Optics 5017 | . . . . . . . . . . . . . . 249 1152 440 98 219 733 . 212 477 170 1267 Sensors 5691 | . . . . . . . . . 1 1111 799 506 1145 310 352 . . . 561 255 229 236 133 53 Terrain 5317 | . . . . . . . . . 541 1071 799 506 1016 310 12 . . 69 408 . . 359 170 56 Machine Analysis 2244 | . . . . . . . . . . . . . . . . . . . . 296 232 477 170 1069 Cloaking 719 | . . . . . . . . . . . . . . . . . . . . 45 182 473 19 . Robot Analysis Total 10 | . 2 . 1 . 1 . . 6 . . . . . . . . . . . . . . . . Derelict Logs Recovered 6 | . . 1 . 1 . . . . . 2 . . 2 . . . . . . . . . . . Drone Launches 8 | . . . . . . . . . . . . . . . . . . . 8 . . . . . Drone Recoveries . | . . . . . . . . . . . . . . . . . . . . . . . . . Exploration | -11 -10 -10 -9 -9 -8 -8 -8 -8 -6 -6 -6 -6 -5 -5 -5 -5 -5 -5 -4 -3 -3 -2 -2 -2 ------------- Run | Yrd Mat Min Mat Min Mat Sto Rec Scr Fac Low Low Dat Pro Fac Ext Cet Arc Hub Fac Res Tes Res Qua Frg Turns Passed 21998 | . 1121 1156 2239 951 2246 1020 778 2064 716 1167 799 506 1377 310 1152 440 98 219 733 723 232 477 170 1304 Spaces Moved 15942 | 1 597 599 1103 544 1086 413 469 1171 386 714 484 180 775 173 431 190 42 92 527 1711 672 794 360 2428 Core 485 | . . . . . . . . . . . . . . . . . . . 300 74 . 14 . 97 Treads 9410 | . 217 599 1103 544 1086 413 469 1171 386 714 484 180 775 173 431 190 42 92 227 . . . . 114 Legs 381 | 1 380 . . . . . . . . . . . . . . . . . . . . . . . Wheels . | . . . . . . . . . . . . . . . . . . . . . . . . . Hover 29 | . . . . . . . . . . . . . . . . . . . . 29 . . . . Flight 5637 | . . . . . . . . . . . . . . . . . . . . 1608 672 780 360 2217 Fastest Speed 5 | 120 120 160 160 160 155 155 163 153 155 155 155 155 155 158 158 160 160 160 50 25 24 24 29 5 Average Speed 109 | 120 143 160 160 160 155 160 163 166 155 156 155 155 157 159 204 168 160 160 97 33 24 34 33 26 Slowest Speed 450 | 120 190 160 160 160 160 245 163 233 155 238 235 155 238 161 242 242 160 160 160 76 28 450 117 140 Overloaded Moves 21 | . . . . . . . . . . . . . . . . . . . . . . . . 21 Propulsion Burnouts 2 | . . . . . . . . . . . . . . . . . . . . . . . . 2 Robots Hopped 52 | . . . . . . . . . . . . . . . . . . . . 32 10 2 1 7 Potential Cave-ins . | . . . . . . . . . . . . . . . . . . . . . . . . . Cave-ins Triggered 1 | . . . . . . . . . . . . . . . . . . . . . . 1 . . Exploration Rate (%) 63 | 2 98 97 99 95 81 78 98 89 14 84 72 70 89 5 73 59 82 23 16 58 78 23 57 45 Regions Visited 24 Branch Regions 16 Pre-discovered Areas 13 | . 2 . 1 1 1 1 3 1 1 1 . 1 . . . . . . . . . . . . Known Exits Taken 12 | . . . 1 . . . . . 1 1 1 1 1 1 . . . . 1 1 1 1 1 . Unknown Exits Taken 12 | 1 1 1 . 1 1 1 1 1 . . . . . . 1 1 1 1 . . . . . . Scrap Searched 18 | . . 1 . 1 . . . 5 . 5 4 . 2 . . . . . . . . . . . Spaces Dug 23 | . . . . . . 3 . . 1 . 2 . . . . . . . 2 . 1 12 1 1 Terrain Destroyed 486 | . . . . . 16 35 2 . 11 16 13 . 49 . 40 22 2 163 46 . 1 68 1 1 Melee 18 | . . . . . . . . . 1 . 2 . . . . . . . . . 1 12 1 1 Projectile 77 | . . . . . 8 27 2 . . . . . . . 12 6 2 5 15 . . . . . AOE 391 | . . . . . 8 8 . . 10 16 11 . 49 . 28 16 . 158 31 . . 56 . . Terrain Rammed . | . . . . . . . . . . . . . . . . . . . . . . . . . Walls Destroyed . | . . . . . . . . . . . . . . . . . . . . . . . . . Machines Disabled . | . . . . . . . . . . . . . . . . . . . . . . . . . Actions | -11 -10 -10 -9 -9 -8 -8 -8 -8 -6 -6 -6 -6 -5 -5 -5 -5 -5 -5 -4 -3 -3 -2 -2 -2 --------- Run | Yrd Mat Min Mat Min Mat Sto Rec Scr Fac Low Low Dat Pro Fac Ext Cet Arc Hub Fac Res Tes Res Qua Frg Total 18828 | . 735 737 1353 574 1376 640 474 1286 440 735 508 407 848 209 586 272 51 123 673 1804 704 941 388 2964 Wait 1329 | . 7 89 91 4 80 137 . 79 . . 2 228 5 23 21 29 . . 55 57 . 80 7 335 Move 15820 | . 596 598 1102 543 1085 412 468 1170 385 713 483 179 774 172 430 189 41 91 527 1649 652 789 357 2415 Hop 47 | . . . . . . . . . . . . . . . . . . . . 29 9 2 1 6 Pick Up 111 | . 19 3 10 1 13 1 . 12 3 1 2 . 2 4 7 7 . 1 8 8 1 2 2 4 Fast Attach 130 | . 4 . 3 . 5 10 . 2 2 1 . . . 1 6 3 . . 4 23 14 10 6 36 Attach 90 | . 4 3 3 . 4 1 . 2 6 . 1 . 2 2 5 5 . 4 19 6 . 6 2 15 Detach 60 | . 2 . . . 2 . . 3 3 . . . . . 4 1 . 1 7 6 3 6 . 22 Swap 143 | . 8 4 14 . 22 9 1 6 17 8 6 . 15 3 6 6 . 8 5 2 3 . . . Drop 167 | . 18 5 20 1 30 9 . 12 2 1 1 . 1 4 6 14 . . 11 8 10 2 2 10 Fire 747 | . 69 34 105 22 123 54 3 . 21 11 10 . 33 . 47 18 10 14 37 4 . 26 . 106 Melee 51 | . . . . . . . . . 1 . 2 . . . . . . . . 2 12 18 11 5 Ram . | . . . . . . . . . . . . . . . . . . . . . . . . . Kick . | . . . . . . . . . . . . . . . . . . . . . . . . . Crush 48 | . 8 1 5 3 12 7 2 . . . 1 . . . 5 . . 4 . . . . . . Escape Stasis 12 | . . . . . . . . . . . . . . . 2 . . . . 10 . . . . Rewire 47 | . . . . . . . . . . . . . . . 47 . . . . . . . . . Trap 16 | . . . . . . . . . . . . . 16 . . . . . . . . . . . Miscellaneous 10 | . . . . . . . . . . . . . . . . . . . . . . . . 10 Route ------- -11/Scrapyard -10/Materials (discovered 4 exits: *Mat x3 / *Min) -10/Mines (discovered 4 exits: *Mat x2 / [*Exi] / [*Sub]) -9/Materials (discovered 4 exits: *Mat x3 / *Min) -9/Mines (discovered 3 exits: *Mat x2 / [*Zio]) -8/Materials (discovered 4 exits: [*Fac x3] / *Sto) -8/Storage (discovered 2 exits: [*Fac] / *Rec) -8/Recycling (discovered 2 exits: *Fac / *Scr) -8/Scraptown (discovered 2 exits: *Fac x2) -6/Factory -6/Lower Caves -6/Lower Caves (discovered 2 exits: *Fac / *Dat) -6/Data Miner -5/Proximity Caves -5/Factory (discovered 3 exits: Upp x2 / *Ext) -5/Extension (discovered 3 exits: *Fac x2 / *Cet) -5/Cetus (discovered 2 exits: *Fac / [*Arc]) -5/Archives (discovered 3 exits: *Fac / [*Hub x2]) -5/Hub_04(d) -4/Factory -3/Research (discovered 5 exits: *Res x2 / *Arm / *Tes x2) -3/Testing -2/Research (discovered 3 exits: *Acc / *Qua x2) -2/Quarantine (discovered 3 exits: *Acc / *Sec / *Frg) -2/Protoforge History --------- Turn | Location | Event 1 | -11/Scrapyard | Discovered new exit (range 0) 1 | -11/Scrapyard | Entered Materials 171 | -10/Materials | Discovered new exit (range 15) 307 | -10/Materials | Discovered new exit (range 16) 505 | -10/Materials | Build established: Scavenger-Mutant 769 | -10/Materials | Discovered new exit (range 10) 864 | -10/Materials | Build established: Mutant 918 | -10/Materials | Discovered new exit (range 16) 1122 | -10/Materials | Entered Mines 1125 | -10/Mines | Assembled infested the area 1130 | -10/Mines | Assisted by a Guerilla fighting off Assembled 1137 | -10/Mines | Met a Derelict bent on vengeance 1302 | -10/Mines | Received a Rocket Launcher from a helpful Derelict 1493 | -10/Mines | Discovered new exit (range 13) 1639 | -10/Mines | Core integrity fell below 50% 1821 | -10/Mines | Discovered new exit (range 5) 1909 | -10/Mines | Learned 8 Materials zone layouts 1922 | -10/Mines | Deemed a non-threat by the Exiles lab entrance 1922 | -10/Mines | Discovered new exit (range 5) 2071 | -10/Mines | Found a damaged Exp. Sensor Array with a note attached 2075 | -10/Mines | Found Prototype Device 2097 | -10/Mines | Discovered new exit (range 12) 2128 | -10/Mines | Found the Drone Emporium 2139 | -10/Mines | Found Prototype Device 2186 | -10/Mines | Core integrity fell below 20% 2228 | -10/Mines | Lost 3 parts (1p1u1w) 2278 | -10/Mines | Entered Materials 2278 | -9/Materials | Evolved 2 slots: Propulsion x1, Weapon x1 2279 | -9/Materials | Identified exit to Mines 2746 | -9/Materials | Discovered new exit (range 15) 2872 | -9/Materials | Build established: Scavenger-Tank 3495 | -9/Materials | Discovered new exit (range 5) 3628 | -9/Materials | Repaired Lgt. Treads 3897 | -9/Materials | Discovered new exit (range 5) 4211 | -9/Materials | Repaired Shield Generator 4517 | -9/Materials | Entered Mines 4609 | -9/Mines | Discovered new exit (range 6) 4762 | -9/Mines | A Derelict revealed a hidden shortcut to a safe place 4790 | -9/Mines | Learned location of Zion (-7) 5428 | -9/Mines | Discovered new exit (range 9) 5444 | -9/Mines | Met a Derelict testing a Signal Generator 5461 | -9/Mines | Found Signal Generator 5468 | -9/Mines | Entered Materials 5468 | -8/Materials | Accompanied by 1 ally 5468 | -8/Materials | Evolved 2 slots: Utility x2 5470 | -8/Materials | Identified Bomb Drone Bay 6014 | -8/Materials | Repaired Lgt. Treads 6142 | -8/Materials | Garrison activated, responded to threat 6214 | -8/Materials | Discovered new exit (range 4) 6225 | -8/Materials | Build established: Tank 6268 | -8/Materials | First assault squad dispatched 6665 | -8/Materials | Build established: Scavenger-Tank 7132 | -8/Materials | Discovered new exit (range 8) 7271 | -8/Materials | Discovered new exit (range 7) 7299 | -8/Materials | Discovered new exit (range 10) 7714 | -8/Materials | Entered Storage 7787 | -8/Storage | Met a pair of Derelict thieves 7822 | -8/Storage | Learned location of Armory (-3) 7947 | -8/Storage | Destroyed 7 combat bots 8114 | -8/Storage | First assault squad dispatched 8262 | -8/Storage | Discovered new exit (range 16) 8610 | -8/Storage | Used back door to open Recycling access 8610 | -8/Storage | Discovered new exit (range 5) 8734 | -8/Storage | Entered Recycling 8842 | -8/Recycling | Core integrity fell below 50% 9180 | -8/Recycling | Discovered new exit (range 5) 9475 | -8/Recycling | Scanned before Scraplab entrance 9498 | -8/Recycling | Entered Scraplab 9511 | -8/Recycling | Discovered new exit (range 2) 9512 | -8/Recycling | Entered Scraptown 9512 | -8/Scraptown | System corruption cleaned by C-Scrubber 9772 | -8/Scraptown | Visited Symbiants 9795 | -8/Scraptown | Visited Cave Peace 9877 | -8/Scraptown | Build established: Gunner 10075 | -8/Scraptown | Discovered new exit (range 11) 10293 | -8/Scraptown | Visited The Evicted 10383 | -8/Scraptown | Visited Assassins FH 10403 | -8/Scraptown | Visited TADAMA 10429 | -8/Scraptown | Visited UFD Registry 10429 | -8/Scraptown | Registered with UFD as "Softrider" 10466 | -8/Scraptown | Visited Curators Association 10517 | -8/Scraptown | Visited Supply Room 10577 | -8/Scraptown | Visited Analyses Database 10624 | -8/Scraptown | Visited Junk Repository 10709 | -8/Scraptown | Visited DA-N13 Charitable Foundation 10718 | -8/Scraptown | Found DCF Scrap (29 items) 10803 | -8/Scraptown | Visited Junk Repository 10829 | -8/Scraptown | Identified Exp. Sensor Array 10874 | -8/Scraptown | Visited Scrapoid Research Area 10908 | -8/Scraptown | Visited Sword Containment 10963 | -8/Scraptown | Visited Infowarlord's Domain 10990 | -8/Scraptown | Visited Science Guys 11128 | -8/Scraptown | Build established: Mutant 11302 | -8/Scraptown | Found Exp. Terrain Scanner 11496 | -8/Scraptown | Met Optimus 11496 | -8/Scraptown | Accepted into 0bPrime 11573 | -8/Scraptown | Discovered new exit (range 3) 11576 | -8/Scraptown | Entered Factory 11576 | -6/Factory | Evolved 4 slots: Power x1, Propulsion x1, Utility x1, Weapon x1 11798 | -6/Factory | Loaded intel: 8 recycling unit locations 11800 | -6/Factory | Allied Derelicts emerged from ambush trap array 11887 | -6/Factory | Learned location of Protoforge (-2) 12065 | -6/Factory | Discovered new exit (range 24) 12160 | -6/Factory | Build established: Skirmisher 12282 | -6/Factory | Identified exit to Lower Caves 12292 | -6/Factory | Entered Lower Caves 12337 | -6/Lower Caves | Learned Factory terminal intel 12475 | -6/Lower Caves | Encountered a Warlord checkpoint 12513 | -6/Lower Caves | Attracted the attention of an 0b10 checkpoint 13191 | -6/Lower Caves | Ambushed by wild Derelicts 13325 | -6/Lower Caves | Discovered new exit (range 21) 13457 | -6/Lower Caves | Identified exit to Lower Caves 13459 | -6/Lower Caves | Entered another Lower Caves area 13484 | -6/Lower Caves | Discovered new exit (range 19) 13873 | -6/Lower Caves | Encountered a Warlord checkpoint 14153 | -6/Lower Caves | Discovered new exit (range 23) 14249 | -6/Lower Caves | Identified exit to Data Miner 14258 | -6/Lower Caves | Entered Data Miner 14258 | -6/Data Miner | Discovered new exit (range 6) 14288 | -6/Data Miner | Met Data Miner 14317 | -6/Data Miner | Learned location of Section 7 (-2) 14317 | -6/Data Miner | Acquired the access code to Warlord's prototype stash 14595 | -6/Data Miner | Received God Mode back door access code from Data Miner 14762 | -6/Data Miner | Identified exit to Proximity Caves 14764 | -6/Data Miner | Entered Proximity Caves 15106 | -5/Proximity Caves | Attracted the attention of an 0b10 checkpoint 15297 | -5/Proximity Caves | Spotter reported a threat 15566 | -5/Proximity Caves | Learned Factory emergency access door positions 15605 | -5/Proximity Caves | Learned location of 1 exit from Factory 15939 | -5/Proximity Caves | Discovered new exit (range 26) 16140 | -5/Proximity Caves | Identified exit to Factory 16141 | -5/Proximity Caves | Entered Factory 16141 | -5/Factory | Evolved 2 slots: Utility x2 16142 | -5/Factory | Identified exit to Upper Caves 16144 | -5/Factory | Loaded intel: 27 terminal locations 16163 | -5/Factory | Discovered new exit (range 30) 16217 | -5/Factory | Discovered exit to Upper Caves (range 25) 16369 | -5/Factory | Identified exit to Extension 16398 | -5/Factory | Loaded intel: 8 recycling unit locations 16425 | -5/Factory | Incoming investigation squad redirected 16451 | -5/Factory | Entered Extension 16460 | -5/Extension | Disrupted transfer network 16616 | -5/Extension | Rescued a captive Derelict 16706 | -5/Extension | Rescued a captive Derelict 16707 | -5/Extension | Rescued a captive Derelict 16723 | -5/Extension | Rescued a captive Derelict 16724 | -5/Extension | Rescued a captive Derelict 16779 | -5/Extension | Central database locked down 16805 | -5/Extension | Found Hvy. Reactive Plating 16834 | -5/Extension | Energy Cycler disabled 16834 | -5/Extension | Rescued a captive Derelict 16835 | -5/Extension | Rescued a captive Derelict 16836 | -5/Extension | Rescued a captive Derelict 16869 | -5/Extension | Lost 3 allies 16919 | -5/Extension | Spotted B-75 Beast 16967 | -5/Extension | Spotted B-75 Beast 16990 | -5/Extension | Allies destroyed B-75 Beast 17000 | -5/Extension | Discovered new exit (range 19) 17021 | -5/Extension | Destroyed B-75 Beast 17028 | -5/Extension | Lost 8 allies 17090 | -5/Extension | Rescued A7 17348 | -5/Extension | Loaded intel: 1 recycling unit location 17360 | -5/Extension | Build established: Scavenger-Tank 17556 | -5/Extension | Discovered new exit (range 10) 17560 | -5/Extension | Discovered new exit (range 6) 17603 | -5/Extension | Entered Cetus 17603 | -5/Cetus | Accompanied by 1 ally (A7) 17608 | -5/Cetus | Acquired a Cetus Manufacturing Module code from A7 17626 | -5/Cetus | Spotted Cetus Guard 17626 | -5/Cetus | Spotted Cetus Guard 17627 | -5/Cetus | Spotted Cetus Guard 17635 | -5/Cetus | Spotted Cetus Guard 17637 | -5/Cetus | Allies destroyed Cetus Guard 17649 | -5/Cetus | Allies destroyed Cetus Guard 17649 | -5/Cetus | Destroyed Cetus Guard 17655 | -5/Cetus | Allies destroyed Cetus Guard 17767 | -5/Cetus | Started Cetus Manufacturing Module 17777 | -5/Cetus | Discovered new exit (range 22) 17792 | -5/Cetus | Manufactured an Enhanced Grunt 17817 | -5/Cetus | Manufactured an Enhanced Grunt 17842 | -5/Cetus | Manufactured an Enhanced Grunt 17845 | -5/Cetus | Spotted Cetus Guard 17845 | -5/Cetus | Spotted Cetus Guard 17845 | -5/Cetus | Spotted Cetus Guard 17845 | -5/Cetus | Spotted Cetus Guard 17847 | -5/Cetus | Destroyed Cetus Guard 17851 | -5/Cetus | Destroyed Cetus Guard 17855 | -5/Cetus | Allies destroyed Cetus Guard 17858 | -5/Cetus | Allies destroyed Cetus Guard 17862 | -5/Cetus | Discovered new exit (range 21) 17867 | -5/Cetus | Manufactured an Enhanced Grunt 17879 | -5/Cetus | Met Revision 17 17892 | -5/Cetus | Manufactured an Enhanced Grunt 18007 | -5/Cetus | Murdered A7 18014 | -5/Cetus | Extracted ID and sensor layout for unrecognized location from A7's data core 18043 | -5/Cetus | Entered Archives 18043 | -5/Archives | Accompanied by 5 allies 18085 | -5/Archives | Discovered new exit (range 22) 18109 | -5/Archives | Discovered new exit (range 22) 18109 | -5/Archives | Discovered new exit (range 18) 18141 | -5/Archives | Entered Hub_04(d) 18141 | -5/Hub_04(d) | Accompanied by 5 allies 18239 | -5/Hub_04(d) | Network Hub disabled 18283 | -5/Hub_04(d) | Discovered new exit (range 28) 18326 | -5/Hub_04(d) | Spotted Lightning 18332 | -5/Hub_04(d) | Spotted Lightning 18333 | -5/Hub_04(d) | Spotted Lightning 18346 | -5/Hub_04(d) | System corruption reached 10% 18360 | -5/Hub_04(d) | Entered Factory 18360 | -4/Factory | Evolved 2 slots: Utility x2 18368 | -4/Factory | Discovered new exit (range 24) 18447 | -4/Factory | Loaded intel: 8 recycling unit locations 18589 | -4/Factory | Build established: Scavenger-Skirmisher 18593 | -4/Factory | Scrapoid reinforcements arrived 18860 | -4/Factory | First assault squad dispatched 18876 | -4/Factory | Incoming assault squad redirected 18883 | -4/Factory | Incoming assault squad redirected 18885 | -4/Factory | Found Scrap Suit 18927 | -4/Factory | Incoming assault squad redirected 18942 | -4/Factory | Scrapoids reinforcements arrived? 18943 | -4/Factory | Lost 8 allies 18947 | -4/Factory | Incoming investigation squad redirected 18952 | -4/Factory | Lost 15 parts (2p2n6u5w) 19005 | -4/Factory | Lost 3 allies 19028 | -4/Factory | Core integrity fell below 50% 19088 | -4/Factory | Core integrity fell below 20% 19092 | -4/Factory | Identified exit to Research 19093 | -4/Factory | Entered Research 19093 | -3/Research | Evolved 2 slots: Propulsion x2 19290 | -3/Research | Build established: Mutant 19293 | -3/Research | Revision forces began assault on 0b10 19312 | -3/Research | Lost 6 parts (2p1n1u2w) 19345 | -3/Research | Loaded intel: 5 recycling unit locations 19372 | -3/Research | Discovered new exit (range 15) 19378 | -3/Research | Identified exit to Research 19401 | -3/Research | Lost 3 allies 19487 | -3/Research | Discovered new exit (range 10) 19490 | -3/Research | Identified exit to Testing 19530 | -3/Research | Spotted B-86 Titan 19561 | -3/Research | Discovered new exit (range 3) 19562 | -3/Research | Identified exit to Armory 19563 | -3/Research | Discovered exit to Research (range 9) 19591 | -3/Research | Met up with Revision 17++ 19749 | -3/Research | Build established: Scavenger-Sprinter 19793 | -3/Research | Research terminal network offline 19816 | -3/Research | Entered Testing 19883 | -3/Testing | Found Prototype Device 19883 | -3/Testing | Identified Exp. Focal Shield 20048 | -3/Testing | Entered Research 20048 | -2/Research | Evolved 2 slots: Utility x2 20141 | -2/Research | Crushed by falling debris 20141 | -2/Research | System corruption reached 10% 20147 | -2/Research | Discovered new exit (range 11) 20151 | -2/Research | Identified exit to Access 20172 | -2/Research | Lost 4 parts (1n2u1w) 20190 | -2/Research | Identified exit to Quarantine 20238 | -2/Research | Found Exp. Signal Interpreter 20259 | -2/Research | Incoming investigation squad redirected 20260 | -2/Research | Scrapoids reinforcements arrived? 20278 | -2/Research | Spotted B-90 Cyclops 20354 | -2/Research | Lost 3 parts (1p1n1u) 20370 | -2/Research | Incoming investigation squad redirected 20525 | -2/Research | Entered Quarantine 20584 | -2/Quarantine | Lost 3 parts (1n1u1w) 20585 | -2/Quarantine | Found Alien Impact Weapon 20585 | -2/Quarantine | Identified Core Stripper 20595 | -2/Quarantine | Found Prototype Device 20595 | -2/Quarantine | Identified Exp. EM Shield 20632 | -2/Quarantine | Discovered exit to Access (range 8) 20650 | -2/Quarantine | Spotted Alpha 7 20665 | -2/Quarantine | Spotted Fortress 20691 | -2/Quarantine | Discovered new exit (range 6) 20691 | -2/Quarantine | Discovered new exit (range 7) 20692 | -2/Quarantine | Identified exit to Protoforge 20694 | -2/Quarantine | Identified exit to Section 7 20695 | -2/Quarantine | Entered Protoforge 20695 | -2/Protoforge | Spotted Hotshot 20695 | -2/Protoforge | Spotted Hotshot 20723 | -2/Protoforge | Superfortress began startup sequence 20772 | -2/Protoforge | Spotted Hotshot 20772 | -2/Protoforge | Spotted Hotshot 20784 | -2/Protoforge | Spotted AP7-3 20785 | -2/Protoforge | Lost 5 parts (1p1n3u) 20786 | -2/Protoforge | Spotted AP7-3 20793 | -2/Protoforge | Spotted Overlord 20799 | -2/Protoforge | Core integrity fell below 50% 20806 | -2/Protoforge | Spotted Decapitator 20806 | -2/Protoforge | Spotted Decapitator 20808 | -2/Protoforge | Spotted EXE-6 20808 | -2/Protoforge | Spotted EXE-6 20824 | -2/Protoforge | UFD initiated attack on Protoforge 20824 | -2/Protoforge | Loaded intel: 3 recycling unit locations 20826 | -2/Protoforge | Lost 3 parts (1p1n1w) 20835 | -2/Protoforge | Core integrity fell below 20% 20836 | -2/Protoforge | Spotted EXE-6 20837 | -2/Protoforge | Spotted EXE-6 20860 | -2/Protoforge | Optimus greeted in Protoforge 20880 | -2/Protoforge | Found Prototype Processor 20880 | -2/Protoforge | Identified Exp. Core Analyzer 20882 | -2/Protoforge | Found Prototype Ballistic Gun 20882 | -2/Protoforge | Identified Cep. XC Strikerail 20891 | -2/Protoforge | Found Prototype Processor 20891 | -2/Protoforge | Identified Exp. Armor Integrity Analyzer 20893 | -2/Protoforge | Forge Plexus network access discovered 20910 | -2/Protoforge | Spotted Decapitator 20912 | -2/Protoforge | Spotted Decapitator 20912 | -2/Protoforge | Spotted Decapitator 20912 | -2/Protoforge | Spotted Decapitator 20973 | -2/Protoforge | Found Exp. Terror Saw 20987 | -2/Protoforge | Lost 19 allies 21060 | -2/Protoforge | Fabricated A-15 Conveyor (x1) 21072 | -2/Protoforge | Found Cep. Core Shell 21074 | -2/Protoforge | Found Cep. Core Shell 21076 | -2/Protoforge | Found Cep. Core Shell 21122 | -2/Protoforge | Spotted Immortal 21122 | -2/Protoforge | Spotted Immortal 21124 | -2/Protoforge | Spotted Immortal 21133 | -2/Protoforge | Spotted Executioner 21133 | -2/Protoforge | Spotted Striker 21136 | -2/Protoforge | Spotted Striker 21155 | -2/Protoforge | Destroyed 02F04-K 21162 | -2/Protoforge | Spotted Striker 21166 | -2/Protoforge | Spotted Striker 21168 | -2/Protoforge | Destroyed Striker 21173 | -2/Protoforge | Spotted EXE-6 21224 | -2/Protoforge | Spotted Hotshot 21229 | -2/Protoforge | Spotted Hotshot 21246 | -2/Protoforge | Lost 13 allies 21247 | -2/Protoforge | Spotted Hotshot 21280 | -2/Protoforge | Spotted Executioner 21298 | -2/Protoforge | Destroyed Hotshot 21320 | -2/Protoforge | Destroyed Hotshot 21335 | -2/Protoforge | Lost 15 allies 21351 | -2/Protoforge | Spotted Striker 21361 | -2/Protoforge | Spotted Executioner 21382 | -2/Protoforge | Found Exp. Core Analyzer 21382 | -2/Protoforge | Spotted Executioner 21384 | -2/Protoforge | Found Exp. Armor Integrity Analyzer 21413 | -2/Protoforge | Lost 12 allies 21512 | -2/Protoforge | Spotted Striker 21513 | -2/Protoforge | Spotted Striker 21513 | -2/Protoforge | Spotted Striker 21513 | -2/Protoforge | Spotted Striker 21538 | -2/Protoforge | Spotted Executioner 21584 | -2/Protoforge | Spotted Striker 21585 | -2/Protoforge | Spotted Hotshot 21591 | -2/Protoforge | Spotted Hotshot 21605 | -2/Protoforge | Spotted Striker 21613 | -2/Protoforge | Spotted Executioner 21679 | -2/Protoforge | Lost 12 allies 21683 | -2/Protoforge | Spotted Executioner 21689 | -2/Protoforge | Spotted Striker 21689 | -2/Protoforge | Spotted Striker 21710 | -2/Protoforge | Spotted Hotshot 21711 | -2/Protoforge | Spotted Executioner 21751 | -2/Protoforge | Found Scrap Suit 21907 | -2/Protoforge | Spotted Striker 21912 | -2/Protoforge | Spotted Striker 21915 | -2/Protoforge | Spotted Executioner 21918 | -2/Protoforge | Spotted Executioner 21920 | -2/Protoforge | Spotted Striker 21923 | -2/Protoforge | Destroyed Striker 21926 | -2/Protoforge | Destroyed Striker 21950 | -2/Protoforge | Released all parts (16) 21988 | -2/Protoforge | Lost 15 allies 21999 | -2/Protoforge | Destroyed by Superfortress with Graviton Cannon Last Messages --------------- 21969_ N-04 Retriever inserts Xenon Bombardment Thruster into Forge Plexus. 21970_ Forge Plexus deploys N-04 Retriever. 21972_ Acquired 10 matter. 21974_ N-04 Retriever inserts Ovr. Medium Treads into Forge Plexus. 21975_ N-04 Retriever inserts Mak. Coolant Network into Forge Plexus. 21983_ N-04 Retriever collects Mak. Medium Armor Plating. 21984_ N-04 Retriever collects Corrupted Ovr. Medium Treads. 21984_ N-04 Retriever inserts Lgt. Antimatter Reactor into Forge Plexus. 21985_ N-04 Retriever inserts Mak. Coolant Network into Forge Plexus. 21986_ N-04 Retriever collects Corrupted Railgun. 21987_ System corrupted: Heat flow error (+141). 21995_ Exp. Surge Thruster destroyed. 21995_ Exp. Surge Thruster burned out. 21996_ Penetrated by Railslug. 21996_ Knocked back. 21996_ Exp. Surge Thruster destroyed. 21996_ Exp. Surge Thruster burned out. 21999_ Penetrated by Railslug. 21999_ Knocked back. Map ----- +----------------------------------------------------+ | ?????????????????????????????????????????????????? | | ?????????????????????????????????????????????????? | | ?????????????????????????????????????????????????? | | ?????????????????????????????????????????????????? | | ?????????????????????????????????????????????????? | | ?????????????????????????????????????????????????? | | ?????????????????????????????????????????????????? | | ?????????????????????????????????????????????????? | | ?????????????????????????????????????????????????? | | ?????????????????????????????????????????????????? | | ?????????????????????????????????????????????????? | | ?????????????????????????????????????????????????? | | ?????????????????????????????????????????????????? | | ?????????????????????????????????????????????????? | | ?????????????????????????????????????????????????? | | ?????????????????????????????????????????????????? | | ?????????????????????????????????????????????????? | | ?????????????????????????????????????????????????? | | ?????????????????????????????????????????????????? | | ?????????#???????????????????????#???????????????? | | ?????????# ????????????????????? #???????????????? | | ?????????# ??????????????????? #???????????????? | | ?????????# ################# #???????????????? | | ?????????# #???????????????? | | ?????????# % #???????????????? | | ?????????# @ #???????????????? | | ?????????????#### ########???????????????? | | ????????????????# #??????????????????????? | | ????????????????# #??????????????????????? | | ????????????????# #??????????????????????? | | ????????????????# #??????????????????????? | | ????????????????## ##??????????????????????? | | ????????###??????# #???????????????????????? | | ????????##??###### #########???????????????? | | ????????##?""""""" """"""""#???????????????? | | #######?## """" """" #???????????????? | | #######?## "" "" ##??######???#### | | #????##### T" "" #??#""""#???#""" | | #====##### c #####!!!!#####! | | ?????? | | ????? FFF | | ????? FFF % | | ????? FFF % | | ????? | | ?????? | | #====##### ##### ==##### | | #????#####"""""""""""""""""""""""#???#""""#???#""" | | #######?##"""""""""""""""""""""""#???######???#### | | #######?##??"""""""""""""""""""""#???????????????? | | ????????##???????#################???????????????? | +----------------------------------------------------+ Best States ------------- Heat Dissipation 159 Energy Generation 41 Energy Capacity 750 Matter Stores 300 Matter Capacity 300 Sight Range 23 Robot Scan Range 16 Terrain Scan Range 30 Terrain Scan Density 210 Cloak Strength 3 Additional Mass Support 20 Base Temperature (-) 100 Corruption Containment 8 Corruption Block 20 Armor Coverage 675 Resistance: KI 40 Resistance: EM 75 Core Shielding 90 Evasion (%) 67 Targeting Accuracy 6 Melee Accuracy 8 Launcher Accuracy 40 Target Analysis 6 Core Analysis 8 Armor Integrity Analysis 50 Recoil Reduction 4 Offensive Hacking 12 Defensive Hacking 36 Item Schematics ----------------- Hcp. Storage Unit | -8/Recycling | Hacked Huge Storage Unit | -8/Recycling | Hacked Combat Drone Bay | -6/Data Miner | Free Lgt. Regenerative Plating | -6/Data Miner | Free Enh. Flexi-carbon Leg | -6/Data Miner | Free Prc. Matter Filter | -6/Data Miner | Free Ionic Axe | -6/Data Miner | Free Impulse Thruster | -6/Data Miner | Free Adv. Transmission Jammer | -6/Data Miner | Free Adv. Datajack | -6/Data Miner | Free Mic. Antimatter Reactor | -6/Data Miner | Free Adv. Point Defense System | -6/Data Miner | Free Robot Schematics ------------------ Y-64 Sentinel | -6/Data Miner | Free E-15 Imp | -6/Data Miner | Free A-15 Conveyor | -6/Data Miner | Free L-41 Fighter | -6/Data Miner | Free Fabricated ------------ A-15 Conveyor | x1 | -2/Protoforge | Preloaded Repaired ---------- Lgt. Treads | 60% | -9/Materials Shield Generator | 20% | -9/Materials Lgt. Treads | 59% | -8/Materials Alien Tech Used ----------------- Core Stripper Achievements -------------- None Challenges ------------ None Game ------ Seed ArmorResetTorch Manual? 0 Play Time 03:50:22 Cumulative 359.7 hours Start 2025.06.28 @ 07:53:17 End 2025.06.28 @ 11:56:28 Sessions 1 Manual Loads 0 Difficulty Rogue Special Mode None Game No. 246 Rogue 246 Adventurer 0 Explorer 0 Win Type - Total 27 Types 21/0/4/2/0/0/0/0/0/0 Lore% 90 Gallery% 79 Achievement% 67 Wizard Run 0 Options --------- Layout 0 ASCII 1 Keyboard 1 Movement Arrows Keybinds 0 Fullscreen 2 Font 18/Terminus Map View 76x50 Zoom Use 0% Tactical HUD 1 Map Filters NONE Filters NONE Steam 1 RUN: 6e8fd79c-9224-457a-b37a-41319a069fa1